 Dungeon Crawl Stone Soup version 0.20.2-3-g29329e0561 (webtiles) character file.

356 Alfie the Covered (level 6, -7/53 HPs)
             Began as a Minotaur Fighter on Jan 21, 2021.
             Killed by divine providence
             ... invoked by an orc priest
              (12 damage)
             ... on level 4 of the Dungeon.
             The game lasted 00:05:47 (2540 turns).

Alfie the Covered (Minotaur Fighter)                Turns: 2540, Time: 00:05:47

Health: -7/53      AC:  8    Str: 22    XL:     6   Next: 36%
Magic:  5/5        EV:  8    Int:  5    God:
Gold:   135        SH: 10    Dex: 10    Spells: 5/5 levels left

rFire    . . .     SeeInvis .   a - +0 long sword
rCold    . . .     Gourm    .   c - +0 shield
rNeg     . . .     Faith    .   b - +0 scale mail
rPois    .         Spirit   .   (helmet restricted)
rElec    .         Reflect  .   (no cloak)
rCorr    .         Harm     .   h - +0 pair of gloves
MR       .....                  (no boots)
Stlth    ..........             (no amulet)
Regen    0.2/turn               (no ring)
MPRegen  0.1/turn               (no ring)

@: no status effects
A: retaliatory headbutt, horns 2
a: no special abilities


You were on level 4 of the Dungeon.
You were not hungry.

You visited 1 branch of the dungeon, and saw 4 of its levels.

You collected 135 gold pieces.

Inventory:

Hand Weapons
 a - a +0 long sword (weapon)
Missiles
 p - 6 tomahawks (quivered)
Armour
 b - a +0 scale mail (worn)
 c - a +0 shield (worn)
 h - a +0 pair of gloves (worn)
Scrolls
 i - a scroll of teleportation
 j - a scroll of enchant weapon {unknown}
 k - a scroll of identify
Potions
 e - 2 potions of curing {unknown}
 l - a potion of berserk rage {unknown}
 m - 2 potions of agility {unknown}
Books
 d - a book of Minor Magic

   Spells                             Type                      Level
   a - Magic Dart                     Conjuration                  1
   b - Blink                          Translocation                2
   c - Call Imp                       Summoning                    2
   d - Slow                           Hexes                        2
   e - Conjure Flame                  Conjuration/Fire             3
   f - Mephitic Cloud                 Conjuration/Poison/Air       3
 n - a book of Changes

   Spells                             Type                      Level
   a - Beastly Appendage              Transmutation                1
   b - Sticks to Snakes               Transmutation                2
   c - Spider Form                    Transmutation/Poison         3
   d - Ice Form                       Ice/Transmutation            4
   e - Blade Hands                    Transmutation                5
Comestibles
 f - 2 bread rations
 g - 2 meat rations
 o - 2 fruits


   Skills:
 + Level 4.6 Fighting
 + Level 5.2 Long Blades
 + Level 5.4 Armour
 + Level 1.0 Dodging
 + Level 0.8 Stealth
 + Level 4.6 Shields


You had 5 spell levels left.
You didn't know any spells.

Dungeon Overview and Level Annotations

Branches:
Dungeon (4/15)
 Temple: D:4-7

Altars:
Dithmenos
Fedhas
Gozag


Innate Abilities, Weirdness & Mutations

You reflexively headbutt those who attack you in melee.
You have a pair of horns on your head.


Message History

The orc priest calls upon Beogh to heal the orc warrior.
The orc warrior is healed somewhat.
You hit the orc warrior but do no damage.
You headbutt the orc warrior, but do no damage.
The orc warrior is moderately wounded.
The orc warrior hits you with a war axe.
You block the orc warrior's attack.
You hit the orc warrior but do no damage.
Your headbutt misses the orc warrior.
The orc warrior is moderately wounded.
The orc priest calls down the wrath of Beogh upon you.
Beogh smites you!
* * * LOW HITPOINT WARNING * * *
The orc warrior hits you with a war axe.
* * * LOW HITPOINT WARNING * * *
Your shield and scale mail prevent you from hitting the orc warrior.
The orc warrior is moderately wounded.
The orc priest calls down the wrath of Beogh upon you.
Beogh smites you!
You die...

..8# #..# #..$. #..#
..8.. #..# $... #..#
#.o##..# #..#..# .
#....#
....###[.#############
........oooo@........#
....>.#############.##
#..... #.# ........ #.#
#......######### #.#
#..............####.##
#........#...........#
##........#.###.#######
..........#.#..<......#


You could see an orc warrior, an orc priest, an orc wizard and an orc.

Vanquished Creatures
  A water moccasin (D:3)
  The ghost of Alfie the Shield-Bearer, an amateur MiFi (D:3)
  A water moccasin skeleton (D:4)
  A worker ant zombie (D:3)
  3 adders
  5 worms
  A leopard gecko (D:2)
  An orc (D:4)
  4 giant cockroaches
  5 goblins
  9 hobgoblins
  4 kobolds (D:1)
  A quokka (D:2)
  7 bats
  4 frilled lizards
  8 rats
56 creatures vanquished.

Notes
Turn   | Place    | Note
-------+----------+-------------------------------------------
     0 | D:1      | Alfie the Minotaur Fighter began the quest for the Orb.
     0 | D:1      | Reached XP level 1. HP: 19/19 MP: 0/0
   260 | D:1      | Reached XP level 2. HP: 27/27 MP: 1/1
   817 | D:2      | Reached XP level 3. HP: 21/33 MP: 2/2
  1029 | D:2      | Found a shadowy altar of Dithmenos.
  1536 | D:2      | Reached XP level 4. HP: 37/40 MP: 3/3
  1884 | D:3      | Noticed Alfie's ghost (amateur MiFi)
  1895 | D:3      | Killed Alfie's ghost
  1895 | D:3      | Reached XP level 5. HP: 46/46 MP: 4/4
  2026 | D:3      | Found a blossoming altar of Fedhas.
  2040 | D:3      | Found an opulent altar of Gozag.
  2092 | D:3      | Noticed a water moccasin
  2110 | D:3      | Killed a water moccasin
  2110 | D:3      | Reached skill level 5 in Long Blades
  2110 | D:3      | Reached skill level 5 in Armour
  2110 | D:3      | Reached XP level 6. HP: 28/53 MP: 5/5
  2496 | D:4      | Reached skill level 1 in Dodging
  2517 | D:4      | Noticed an orc warrior
  2540 | D:4      | Killed from afar by an orc priest

Skill      XL: |  1  2  3  4  5  6 |
---------------+-------------------+-----
Fighting       | 4 |  4.6
Long Blades    | 3 4 5 |  5.2
Armour         | 4 5 |  5.4
Shields        | 4 |  4.6
Dodging        | 1 |  1.0
Stealth        | |  0.8

Action                   |  1- 3 |  4- 6 || total
-------------------------+-------+-------++-------
Melee: Long sword        |   113 |    60 ||   173
       Headbutt          |    18 |    15 ||    33
  Use: Potion            |     1 |     2 ||     3
       Scroll            |     1 |     4 ||     5
  Eat: Fruit             |     2 |       ||     2
       Bread ration      |       |     1 ||     1
Armor: Scale mail        |    58 |    26 ||    84
Dodge: Dodged            |    28 |    27 ||    55
Block: Shield            |    70 |    27 ||    97
       Rpst.: Long sword |     7 |    10 ||    17
